 Dungeon Crawl Stone Soup version 0.15-a0-970-ga23ad50 (console) character file.

68 RandartGloves the Cudgeler (level 4, 0/44 HPs)
             Began as an Ogre Gladiator on May 22, 2014.
             Was an Initiate of Cheibriados.
             Slain by an orc
             ... wielding a +0,+2 flail
              (7 damage)
             ... on Level 3 of the Dungeon.
             The game lasted 00:05:39 (990 turns).

RandartGloves the Cudgeler (Ogre Gladiator)          Turns: 990, Time: 00:05:39

HP   0/44        AC  4     Str 21      XL: 4   Next: 19%
MP   4/4         EV 10     Int  8      God: Cheibriados [......]
Gold 63          SH  0     Dex 12      Spells:  0 memorised,  3 levels left

rFire  . . .     SeeInvis .     a - +0 flail
rCold  . . .     Clarity  .     m - +1 robe
rNeg   . . .     Conserve .     (shield restricted)
rPois  +         rCorr    .     c - +0 hat
rElec  .         rRot     .     (no cloak)
SustAb .         Spirit   .     (gloves unavailable)
rMut   .         Warding  .     (boots unavailable)
Gourm  .         Stasis   .     (no amulet)
MR     .....                    (no ring)
                                s - ring of poison resistance

@: drained, very slow, not resistant to hostile enchantments, very unstealthy
A: unfitting armour, tough skin 1
a: Bend Time, Renounce Religion


You were on level 3 of the Dungeon.
You worshipped Cheibriados.
Cheibriados was noncommittal.
You were not hungry.

You visited 1 branch of the dungeon, and saw 4 of its levels.

You collected 63 gold pieces.

Inventory:

Hand weapons
 a - a +0,+0 flail (weapon)
 r - a +1 blowgun
Missiles
 d - 3 throwing nets (quivered)
Armour
 c - a +0 hat (worn)
 m - a +1 robe (worn)
Comestibles
 f - 2 meat rations
 k - a bread ration
 t - a chunk of hobgoblin flesh
 u - 4 chunks of orc flesh
Scrolls
 b - a scroll of immolation {unknown}
 j - a scroll of enchant weapon II {unknown}
 q - a scroll of recharging {unknown}
Jewellery
 s - a ring of poison resistance (left hand)
Potions
 g - a potion of brilliance
 h - 2 potions of flight
 i - a potion of haste
 l - 4 potions of curing {unknown}
 n - a potion of might {unknown}
 o - a potion of agility
 p - a potion of heal wounds


   Skills:
 - Level 2.6(1.6) Fighting
 + Level 6.5(5.3) Maces & Flails
 - Level 2.1(1.1) Throwing
 - Level 2.6(1.6) Dodging


You had 3 spell levels left.
You didn't know any spells.

Dungeon Overview and Level Annotations

Branches:
Dungeon (4/15)
 Temple: D:4-7

Altars:
Ashenzari
Cheibriados
Dithmenos
Elyvilon
Kikubaaqudgha
Okawaru
Trog
Xom
Yredelemnul


Innate Abilities, Weirdness & Mutations

You are too large for most types of armour.
You have tough skin (AC +1).


Message History

a mace; a dyed leather armour; an orc corpse; a club; a shiny chain mail You start butchering the orc corpse.
You continue butchering the corpse.
You continue butchering the corpse. x2
You finish butchering the orc corpse.
Items here: %% )) [[
u - 4 chunks of orc flesh An orc comes into view.
It is wielding a hand axe.
The orc shouts!
Found a robe. 3 orcs come into view.
A giant cockroach comes into view.
The orc shouts!
A giant gecko comes into view.
The orc shouts!
Found a ring mail.
You sock the orc!
You kill the orc!
Cheibriados appreciates the change of pace.
You barely miss the orc. The orc hits you with a flail!
You die...

# ############ ...
#..........# .[..
#..........# .....
#...>......#####.......
#........(..@oslo......
#..........#####o...[..
#..........# .....
#..........# ....
#.....)....# ...
########.### . #.# #%#
#.#


You could see 3 orcs, a giant gecko and a giant cockroach.

Vanquished Creatures
  2 adders
  An inept item mimic (D:4)
  A giant gecko (D:1)
  An ooze (D:1)
  5 orcs (D:3)
  2 hobgoblins
  2 quokkas (D:2)
  6 bats
  4 giant cockroaches
  A giant newt (D:2)
  4 goblins
  3 kobolds
  3 rats
35 creatures vanquished.

Notes
Turn   | Place    | Note
--------------------------------------------------------------
     0 | D:1      | RandartGloves, the Ogre Gladiator, began the quest for the Orb.
     0 | D:1      | Reached XP level 1. HP: 22/22 MP: 1/1
   120 | D:1      | Reached XP level 2. HP: 14/29 MP: 2/2
   301 | D:2      | Reached skill level 5 in Maces & Flails
   329 | D:2      | Reached XP level 3. HP: 28/36 MP: 3/3
   722 | D:3      | Reached skill level 6 in Maces & Flails
   775 | D:3      | Found a shimmering altar of Xom.
   781 | D:3      | Found a shadowy altar of Dithmenos.
   782 | D:3      | Found a snail-covered altar of Cheibriados.
   782 | D:3      | Found a basalt altar of Yredelemnul.
   783 | D:3      | Found a shattered altar of Ashenzari.
   783 | D:3      | Found an ancient bone altar of Kikubaaqudgha.
   785 | D:3      | Found an iron altar of Okawaru.
   786 | D:3      | Found a bloodstained altar of Trog.
   787 | D:3      | Found a white marble altar of Elyvilon.
   791 | D:3      | Became a worshipper of Cheibriados the Contemplative
   880 | D:3      | Reached XP level 4. HP: 23/44 MP: 4/4
   990 | D:3      | Slain by an orc

Action                   |  1- 3 |  4- 6 || total
-------------------------+-------+-------++-------
Melee: Flail             |    80 |    23 ||   103
Throw: Throwing net      |     2 |     1 ||     3
  Use: Scroll            |       |     5 ||     5
 Stab: Held in net/web   |     1 |       ||     1
